 Dungeon Sprint DCSS version 0.30-a0-715-gdb4ae3ece1 (webtiles) character file.

Game seed: 4161263111414542058

16375860 BigDaddyOpFi the End of an Era (level 23, 38/240 HPs)
             Began as a Hill Orc Fighter on Jan 20, 2023.
             Was the Champion of Qazlal.
             Escaped with the Orb
             ... and 9 runes on Jan 23, 2023!
             The game lasted 00:41:14 (32585 turns).

BigDaddyOpFi the End of an Era (Hill Orc Fighter)  Turns: 32585, Time: 00:41:15

Health: 38/240     AC: 40    Str: 36    XL:     23   Next: 42%
Magic:  54/54      EV: 22    Int:  8    God:    Qazlal [******]
Gold:   571        SH: 37    Dex: 17    Spells: 76/76 levels left

rFire   . . .      SeeInvis .    n - +9 war axe (heavy)
rCold   + + .      Faith    .    p - +3 tower shield {reflect}
rNeg    + . .      Spirit   .    q - +4 gold dragon scales
rPois   +          Reflect  +    o - +0 helmet of the Shining Light {rF- rN+ Str+3 Slay+2}
rElec   +          Harm     .    x - +1 cloak {rCorr}
rCorr   +          Rampage  .    s - +0 pair of gloves
Will    +....      Clarity  +    a - +0 pair of boots
Stlth   +          NoTele   +    (no amulet)
HPRegen 0.60/turn                K - +6 ring of dexterity
MPRegen 0.34/turn                X - ring of Liusm {rElec Str+3 Dex+3 Slay+2}

@: frozen, protected from cold, slowed, repel missiles, unable to drink, very
slow
A: clarity, clumsy 1, screaming 1, inability to drink after injury 2, MP-powered
wands
0: Orb of Zot
}: 9/17 runes: decaying, serpentine, barnacled, slimy, elven, silver, golden,
abyssal, gossamer
a: Renounce Religion, Upheaval, Elemental Force, Disaster Area


You escaped.
You worshipped Qazlal.
Qazlal was exalted by your worship.
You visited 1 branch You collected 1720 gold pieces.
You spent 1149 gold pieces at shops.

Inventory:

Hand Weapons
 n - a +9 heavy war axe (weapon)
 t - the +4 staff of Dispater
   (You took it off Dispater in the Dungeon)

   Wielding it grants the ability to hurl damnation at the cost of health and
   magic, with strength depending on Evocations skill.
 w - the +4 war axe "Arralemy" {antimagic, Will+ Int-3 Dex+4}
   (You bought it in a shop in the Dungeon)

   Int:       It affects your intelligence (-3).
   Dex:       It affects your dexterity (+4).
   Will:      It increases your willpower.
 Y - the +5 broad axe of Corporal Punishment {flame, rF+ rN+}
   (You found it in the Dungeon)

   rF:        It protects you from fire.
   rN:        It protects you from negative energy.
Armour
 a - a +0 pair of boots (worn)
 o - the +0 helmet of the Shining Light (worn) {rF- rN+ Str+3 Slay+2}
   (You found it in the Dungeon)

   Str:       It affects your strength (+3).
   Slay:      It affects your accuracy & damage with ranged weapons and melee
   (+2).
   rF:        It makes you vulnerable to fire.
   rN:        It protects you from negative energy.
 p - a +3 tower shield of reflection (worn)
 q - +4 gold dragon scales (worn)
 r - +0 gold dragon scales
 s - a +0 pair of gloves (worn)
 x - a +1 cloak of preservation (worn)
 H - a +0 kite shield of reflection
 P - a +0 helmet of intelligence
Jewellery
 K - a +6 ring of dexterity (left hand)
 L - a +2 ring of slaying
 T - the ring "Deiliyq" {Ice Int+3}
   (You found it in the Dungeon)

   [ring of ice]

   It enhances your ice magic.
   Int:       It affects your intelligence (+3).
   rF:        It makes you vulnerable to fire.
   rC:        It protects you from cold.
 U - the ring of Elyvilon's Regard {Ice +Blink Int-3 Dex+2}
   (You found it in the Dungeon)

   [ring of ice]

   It enhances your ice magic.
   Int:       It affects your intelligence (-3).
   Dex:       It affects your dexterity (+2).
   rF:        It makes you vulnerable to fire.
   rC:        It protects you from cold.
   +Blink:    It lets you blink.
 V - the ring of Atheism {rC++ rCorr Int+4 Stlth-}
   (You found it in the Dungeon)

   [ring of resist corrosion]

   Int:       It affects your intelligence (+4).
   rC:        It greatly protects you from cold.
   rCorr:     It protects you from acid and corrosion.
   Stlth:     It makes you less stealthy.
 W - the ring "Nuliry" {rPois Will+ rCorr MP+9}
   (You found it in the Dungeon)

   [ring of poison resistance]

   rPois:     It protects you from poison.
   MP:        It affects your magic capacity (+9).
   rCorr:     It protects you from acid and corrosion.
   Will:      It increases your willpower.
 X - the ring of Liusm (right hand) {rElec Str+3 Dex+3 Slay+2}
   (You found it in the Dungeon)

   [ring of strength]

   Str:       It affects your strength (+3).
   Dex:       It affects your dexterity (+3).
   Slay:      It affects your accuracy & damage with ranged weapons and melee
   (+2).
   rElec:     It insulates you from electricity.
Wands
 m - a wand of acid (1)
 v - a wand of flame (21)
 I - a wand of mindburst (16)
Scrolls
 c - 6 scrolls of enchant weapon
 l - 3 scrolls of amnesia
 u - 2 scrolls of identify
 G - 5 scrolls of fear
Potions
 b - 4 potions of brilliance
 e - 5 potions of curing
 f - a potion of ambrosia
 g - 7 potions of haste
 h - 7 potions of magic
 i - a potion of berserk rage
 j - a potion of lignification
 k - a potion of invisibility
 R - a potion of flight
 S - a potion of attraction
Miscellaneous
 d - the horn of Geryon
 O - a phantom mirror


   Skills:
 O Level 27 Fighting
 O Level 27 Axes
 O Level 27 Maces & Flails
 O Level 27 Polearms
 + Level 26.7(27) Staves
 O Level 27 Armour
 O Level 27 Dodging
 O Level 27 Stealth
 O Level 27 Shields
 O Level 27 Spellcasting
 O Level 27 Invocations
 O Level 27 Evocations


You had 76 spell levels left.
You didn't know any spells.
Your spell library contained the following spells:

 Spells                   Type           Power      Damage    Failure   Level
 Static Discharge         Conj/Air       20%        2-3/arc   17%         2
 Vhi's Electric Charge    Tloc/Air       20%        N/A       32%         3
 Arcjolt                  Conj/Air       5%         1d15      97%         5
 Freezing Cloud           Conj/Ice/Air   5%         6-21      97%         5
 Lightning Bolt           Conj/Air       5%         1d17      97%         5
 Simulacrum               Ice/Necr       5%         N/A       100%        6
 Chain Lightning          Conj/Air       5%         3d6       100%        9
 Fire Storm               Conj/Fire      5%         8d1       100%        9
 Polar Vortex             Ice            5%         N/A       100%        9
 Shatter                  Erth           5%         3d8*      100%        9


Dungeon Overview and Level Annotations

Branches:
Dungeon (1/1)

Altars:
Cheibriados
Dithmenos
Elyvilon
Fedhas
Gozag
Hepliaklqana
Kikubaaqudgha
Makhleb
Nemelex Xobeh
Okawaru
Qazlal
Ru
Sif Muna
Trog
Uskayaw
Vehumet
Wu Jian
Xom
Yredelemnul
Zin
The Shining One
Beogh
Jiyva
Lugonu

Shops:
D (![[

Annotations:
D Antaeus, Lom Lobon


Innate Abilities, Weirdness & Mutations

You possess an exceptional clarity of mind.
You are clumsy. (Dex -2)
You occasionally shout uncontrollably at your foes.
You sometimes lose the ability to drink potions when taking damage.
You expend magic power (3 MP) to strengthen your wands.


Message History

The bolt of energy misses you.
A bolt of energy appears from out of thin air!
The bolt of energy hits you!! Something hits you!
You closely miss something.
A bolt of energy appears from out of thin air!
The bolt of energy hits you! Something hits you but does no damage.
You completely miss something. The great icy blast engulfs you!!!
You partially resist.
You are encased in ice.
You block something's attack.
You cut something into ribbons!!! Something completely misses you.
You block something's attack.
You slash something! The ice encasing you melts away.
The great icy blast engulfs you!!! You partially resist.
You feel threatened and lose the ability to drink potions!
You are encased in ice.
The great icy blast engulfs you!! You partially resist.
Your resistance to physical damage fades away.
You feel protected from cold.
You completely miss something.
A bolt of energy appears from out of thin air!
The bolt of energy misses you. Something hits you but does no damage.
You cannot drink potions in your current state!
The ice encasing you melts away.
A bolt of energy appears from out of thin air!
The bolt of energy hits you but does no damage.
Items here: )))) [[.
A bolt of energy appears from out of thin air!
The bolt of energy hits you!!
* * * LOW HITPOINT WARNING * * *
Things that are here:
a +5 great sword of flaming; +0 pearl dragon scales
There is a staircase leading out of the dungeon, spattered with blood here.
You can't go down here!
The great icy blast engulfs you!! You partially resist.
You feel more protected from cold.
* * * LOW HITPOINT WARNING * * *
You are encased in ice.
You have escaped!

[).[.............▓
▓▓▓▓▓▓▓▓▓▓▓▓▓▓▓▓.▓
.................▓
▓▓▓▓▓▓▓▓▓▓▓▓▓▓▓▓▓▓
.(.......+.......▓
▓▓▓▓▓▓▓▓▓▓▓▓▓▓▓▓.▓
.................▓
▓▓▓▓▓▓▓▓▓▓▓▓▓▓▓▓▓▓
'.....[....{)§°)@▓
▓▓▓▓▓▓▓▓▓▓▓▓▓▓▓▓▓▓


There were no monsters in sight!

Vanquished Creatures
  the Royal Jelly (D)
  Gloorx Vloq (D)
  Ereshkigal (D)
  3 seraphim (D)
  Dispater (D)
  9 ancient liches (D)
  4 orbs of fire (D)
  Mara (D)
  Mennas (D)
  2 juggernauts (D)
  Sojobo (D)
  13 pandemonium lords (D)
  5 royal mummies (D)
  Boris (D)
  Saint Roka (D)
  Frederick (D)
  Margery (D)
  Geryon (D)
  4 golden dragons (D)
  Jory (D)
  2 profane servitors (D)
  A bone dragon (D)
  4 Tzitzimimeh (D)
  3 electric golems (D)
  2 hellephants (D)
  7 Brimstone Fiends (D)
  5 Hell Sentinels (D)
  2 tentacled monstrosities (D)
  7 liches (D)
  An Ice Fiend (D)
  45 Orb Guardians (D)
  A quicksilver dragon (D)
  3 deep elf blademasters (D)
  3 deep elf master archers (D)
  6 Executioners (D)
  5 acid blobs (D)
  5 death cobs (D)
  12 sphinxes (D)
  Frances (D)
  3 storm dragons (D)
  6 shadow dragons (D)
  7 tengu reavers (D)
  Ilsuiw (D)
  Donald (D)
  3 frost giants (D)
  6 nagarajas (D)
  A daeva (D)
  5 azure jellies (D)
  3 rockslimes (D)
  Aizul (D)
  4 vault wardens (D)
  2 fire giants (D)
  5 emperor scorpions (D)
  2 ghost moths (D)
  3 balrugs (D)
  3 draconian scorchers (D)
  Louise (D)
  3 draconian shifters (D)
  5 draconian stormcallers (D)
  A demonspawn blood saint (D)
  4 ironbound preservers (D)
  5 reapers (D)
  3 angels (D)
  4 cacodemons (D)
  2 draconian annihilators (D)
  A spriggan defender (D)
  6 quicksilver oozes (D)
  5 very ugly things (D)
  2 ironbound thunderhulks (D)
  5 vampire knights (D)
  3 green draconians (D)
  3 stone giants (D)
  A deep elf demonologist (D)
  3 black draconians (D)
  Nessos (D)
  3 eleionomae (D)
  A starcursed mass (D)
  5 yellow draconians (D)
  2 dire elephants (D)
  3 lorocyprocas (D)
  4 white draconians (D)
  3 ettins (D)
  5 deep elf annihilators (D)
  5 green deaths (D)
  2 deep elf death magi (D)
  A red draconian (D)
  3 deep elf high priests (D)
  4 blizzard demons (D)
  4 merfolk javelineers (D)
  An entropy weaver (D)
  4 mummy priests (D)
  2 yaktaur captains (D)
  7 merfolk impalers (D)
  6 fire dragons (D)
  25 vault guards (D)
  2 great orbs of eyes (D)
  Erolcha (D)
  Harold (D)
  A ghost crab (D)
  4 ice dragons (D)
  3 hell beasts (D)
  A spriggan air mage (D)
  8 hydras (D)
  2 ogre magi (D)
  2 merfolk avatars (D)
  A merfolk aquamancer (D)
  3 rakshasas (D)
  A centaur warrior (D)
  A two-headed ogre (D)
  A radroach (D)
  An ironbound frostheart (D)
  2 deep troll shamans (D)
  2 tengu warriors (D)
  4 hell hogs (D)
  A deep troll earth mage (D)
  An alligator (D)
  3 naga warriors (D)
  A shock serpent (D)
  3 hell knights (D)
  4 soul eaters (D)
  9 sun demons (D)
  A spriggan berserker (D)
  A pharaoh ant (D)
  4 sixfirhies (D)
  6 swamp dragons (D)
  2 cherubim (D)
  2 glowing orange brains (D)
  7 shadow demons (D)
  A spriggan druid (D)
  A harpy (D)
  An orc knight (D)
  2 wizards (D)
  2 naga ritualists (D)
  An ironbound convoker (D)
  A wolf spider (shapeshifter) (D)
  2 necromancers (D)
  A steelbarb worm (D)
  A manticore (D)
  A wolf spider (D)
  9 large abominations (D)
  2 cyclopes (D)
  2 ugly things (D)
  8 orc sorcerers (D)
  8 moths of wrath (D)
  A demonic crawler (D)
  A toenail golem (D)
  A naga mage (D)
  6 elephants (D)
  3 guardian serpents (D)
  5 vault sentinels (D)
  Maurice (D)
  5 black mambas (D)
  3 rust devils (D)
  A torpor snail (D)
  4 smoke demons (D)
  A cane toad (D)
  5 orange demons (D)
  A hellion (D)
  2 komodo dragons (D)
  3 rime drakes (D)
  3 tormentors (D)
  19 guardian mummies (D)
  4 ice devils (D)
  2 red devils (D)
  A wandering mushroom (D)
  6 hellwings (D)
  A tyrant leech (D)
  A polar bear (D)
  A tarantella (D)
  A hornet (D)
  3 meliai (D)
  A wind drake (D)
  A blink frog (D)
  A raiju (D)
  3 snapping turtles (D)
  2 jumping spiders (D)
  A jumping spider (shapeshifter) (D)
  11 spriggans (D)
  A culicivora (shapeshifter) (D)
  3 ynoxinuls (D)
  A slime creature (D)
  A water elemental (D)
  A shadow (D)
  2 basilisks (D)
  3 neqoxecs (D)
  4 yaks (D)
  2 chaos spawn (D)
  2 golden eyes (D)
  6 redbacks (D)
  A warg (D)
  A warg (shapeshifter) (D)
  2 acid dragons (D)
  2 nagas (D)
  2 hell hounds (D)
  A floating eye (D)
  3 water moccasins (D)
  A swamp drake (D)
  12 orc warriors (D)
  A bullfrog (D)
  3 small abominations (D)
  A killer bee (D)
  A hound (D)
  5 orc priests (D)
  A hell rat (D)
  12 orc wizards (D)
  An adder (D)
  A shadow imp (D)
  2 ufetubi (D)
  An adder skeleton (D)
  8 orcs (D)
  A ball python (D)
  An endoplasm (D)
  A hobgoblin (D)
  A jackal (D)
  A quokka (D)
  A jackal simulacrum (D)
  A rat (D)
  2 ball lightnings (D)
703 creatures vanquished.

Vanquished Creatures (others)
  A sixfirhy (D)
  2 large abominations (D)
  3 ball lightnings (D)
6 creatures vanquished.

Grand Total: 709 creatures vanquished

Notes
Turn   | Place    | Note
-------+----------+-------------------------------------------
     0 | D        | BigDaddyOpFi the Hill Orc Fighter began the quest for the
                  | Orb.
     0 | D        | Reached XP level 1. HP: 19/19 MP: 1/1
    19 | D        | Noticed a hound
    28 | D        | Reached XP level 2. HP: 28/28 MP: 2/2
    36 | D        | Reached skill level 5 in Fighting
    36 | D        | Reached skill level 5 in Axes
    36 | D        | Reached skill level 5 in Armour
    36 | D        | Reached skill level 5 in Shields
    36 | D        | Reached XP level 3. HP: 27/36 MP: 3/3
   140 | D        | Found a roughly hewn altar of Beogh.
   140 | D        | Found a snail-covered altar of Cheibriados.
   140 | D        | Found a shadowy altar of Dithmenos.
   140 | D        | Found a white marble altar of Elyvilon.
   140 | D        | Found a blossoming altar of Fedhas.
   140 | D        | Found an opulent altar of Gozag.
   141 | D        | Found a hazy altar of Hepliaklqana.
   142 | D        | Found a viscous altar of Jiyva.
   143 | D        | Found an ancient bone altar of Kikubaaqudgha.
   144 | D        | Found a corrupted altar of Lugonu.
   145 | D        | Found a burning altar of Makhleb.
   146 | D        | Found a sparkling altar of Nemelex Xobeh.
   147 | D        | Found an iron altar of Okawaru.
   148 | D        | Found a stormy altar of Qazlal.
   149 | D        | Found a sacrificial altar of Ru.
   150 | D        | Found a shimmering blue altar of Sif Muna.
   151 | D        | Found a bloodstained altar of Trog.
   152 | D        | Found a hide-covered altar of Uskayaw.
   153 | D        | Found a radiant altar of Vehumet.
   154 | D        | Found an ornate altar of the Wu Jian Council.
   155 | D        | Found a shimmering altar of Xom.
   156 | D        | Became a worshipper of Qazlal Stormbringer
   157 | D        | Found a basalt altar of Yredelemnul.
   158 | D        | Found a glowing silver altar of Zin.
   159 | D        | Found a glowing golden altar of the Shining One.
   212 | D        | Noticed a yak
   212 | D        | Noticed a killer bee
   212 | D        | Noticed an orc warrior
   212 | D        | Noticed an orc warrior
   212 | D        | Noticed a hornet
   212 | D        | Noticed a two-headed ogre
   216 | D        | Killed a hornet
   217 | D        | Reached XP level 4. HP: 13/48 MP: 4/4
   217 | D        | Reached XP level 5. HP: 14/53 MP: 5/5
   217 | D        | Reached XP level 6. HP: 16/61 MP: 6/6
   220 | D        | Killed a two-headed ogre
   221 | D        | Reached skill level 10 in Fighting
   221 | D        | Reached XP level 7. HP: 37/73 MP: 7/7
   221 | D        | Reached * piety under Qazlal
   222 | D        | Reached skill level 10 in Armour
   222 | D        | Reached skill level 10 in Shields
   222 | D        | Reached XP level 8. HP: 41/81 MP: 8/8
   232 | D        | Killed a yak
   232 | D        | Reached ** piety under Qazlal
   539 | D        | Noticed a green ugly thing
   539 | D        | Noticed a cyan ugly thing
   539 | D        | Noticed a shadow
   539 | D        | Noticed a meliai
   539 | D        | Noticed a cyclops
   541 | D        | Killed a meliai
   543 | D        | Killed a cyan ugly thing
   544 | D        | Reached XP level 9. HP: 66/90 MP: 8/13
   545 | D        | Killed a cyclops
   545 | D        | Reached *** piety under Qazlal
   549 | D        | Killed a green ugly thing
  1006 | D        | Noticed a polar bear
  1006 | D        | Noticed a black mamba
  1006 | D        | Noticed a rime drake
  1010 | D        | Reached skill level 10 in Invocations
  1012 | D        | Killed a rime drake
  1012 | D        | Reached **** piety under Qazlal
  1013 | D        | Killed a black mamba
  1014 | D        | Reached XP level 10. HP: 101/101 MP: 13/18
  1020 | D        | Reached ***** piety under Qazlal
  1147 | D        | Noticed a cane toad
  1159 | D        | Killed a cane toad
  1160 | D        | Reached skill level 15 in Axes
  1161 | D        | Reached ****** piety under Qazlal
  1387 | D        | Noticed an elephant
  1387 | D        | Noticed a dire elephant
  1387 | D        | Noticed a dire elephant
  1387 | D        | Noticed an elephant
  1387 | D        | Noticed an elephant
  1387 | D        | Noticed an elephant
  1389 | D        | Killed an elephant
  1392 | D        | Killed an elephant
  1393 | D        | Reached XP level 11. HP: 97/111 MP: 12/21
  1400 | D        | Killed a dire elephant
  1402 | D        | Reached skill level 15 in Invocations
  1410 | D        | Killed a dire elephant
  1411 | D        | Reached skill level 15 in Fighting
  1585 | D        | Noticed Maurice
  1596 | D        | Killed Maurice
  1864 | D        | Noticed an orc knight
  1880 | D        | Killed an orc knight
  2056 | D        | Found Olusyugu's Antique Armour Boutique.
  2056 | D        | Noticed an orc sorcerer
  2056 | D        | Noticed an orc sorcerer
  2056 | D        | Noticed an orc sorcerer
  2058 | D        | Killed an orc sorcerer
  2058 | D        | Killed an orc sorcerer
  2058 | D        | Killed an orc sorcerer
  2060 | D        | Found Feskitz's Armour Shop.
  2060 | D        | Noticed an orc sorcerer
  2067 | D        | Noticed an orc sorcerer
  2070 | D        | Noticed a sixfirhy
  2074 | D        | Killed an orc sorcerer
  2074 | D        | Killed an orc sorcerer
  2075 | D        | Reached XP level 12. HP: 104/122 MP: 10/25
  2207 | D        | Found Bevukih's Distillery.
  2210 | D        | Found Hoelyof's Antique Weapon Shop.
  2218 | D        | Reached skill level 15 in Armour
  2218 | D        | Reached skill level 15 in Shields
  2293 | D        | Bought a brightly glowing war axe for 238 gold pieces
  2293 | D        | Identified the +4 war axe "Arralemy" {antimagic, Will+
                  | Int-3 Dex+4} (You bought it in a shop in the Dungeon)
  2299 | D        | Bought a shiny plate armour for 702 gold pieces
  2358 | D        | Noticed Harold
  2365 | D        | Killed Harold
  2476 | D        | Noticed a tengu warrior
  2476 | D        | Noticed a tengu warrior
  2479 | D        | Noticed a red very ugly thing
  2483 | D        | Killed a tengu warrior
  2483 | D        | Killed a red very ugly thing
  2484 | D        | Killed a tengu warrior
  2486 | D        | Noticed an ice dragon
  2488 | D        | Noticed a fire giant
  2489 | D        | Noticed a fire dragon
  2490 | D        | Killed a fire dragon
  2492 | D        | Killed an ice dragon
  2493 | D        | Noticed a rakshasa
  2499 | D        | Noticed a frost giant
  2503 | D        | Noticed an ettin
  2504 | D        | Killed a fire giant
  2508 | D        | Killed an ettin
  2513 | D        | Killed a rakshasa
  2520 | D        | Killed a frost giant
  2833 | D        | Noticed Frances
  2845 | D        | Killed Frances
  2846 | D        | Reached XP level 13. HP: 124/134 MP: 27/27
  2865 | D        | Noticed Donald
  2872 | D        | Killed Donald
  2963 | D        | Noticed a nagaraja
  2965 | D        | Killed a nagaraja
  3331 | D        | Noticed an emperor scorpion
  3339 | D        | Killed an emperor scorpion
  3482 | D        | Noticed an eleionoma
  3485 | D        | Killed an eleionoma
  3487 | D        | Reached XP level 14. HP: 145/146 MP: 20/30
  3487 | D        | Noticed an eleionoma
  3489 | D        | Killed an eleionoma
  3662 | D        | Noticed Nessos
  3669 | D        | Killed Nessos
  3880 | D        | Noticed Erolcha
  3891 | D        | Killed Erolcha
  3949 | D        | Noticed a lich
  3949 | D        | Killed a lich
  3951 | D        | Noticed a frost giant
  3951 | D        | Noticed a stone giant
  3952 | D        | Noticed a lich
  3954 | D        | Killed a lich
  3954 | D        | Killed a stone giant
  3956 | D        | Noticed a green very ugly thing
  3965 | D        | Killed a frost giant
  3966 | D        | Noticed a frost giant
  3967 | D        | Noticed a green very ugly thing
  3969 | D        | Killed a green very ugly thing
  3969 | D        | Killed a frost giant
  3969 | D        | Killed a green very ugly thing
  3973 | D        | Noticed a stone giant
  3976 | D        | Killed a stone giant
  4186 | D        | Noticed an ironbound preserver
  4186 | D        | Noticed an ironbound thunderhulk
  4186 | D        | Noticed an ironbound preserver
  4187 | D        | Killed an ironbound preserver
  4188 | D        | Reached skill level 27 in Invocations
  4191 | D        | Killed an ironbound thunderhulk
  4193 | D        | Killed an ironbound preserver
  4198 | D        | Noticed an ironbound thunderhulk
  4201 | D        | Noticed a deep elf demonologist
  4201 | D        | Noticed a tengu reaver
  4201 | D        | Noticed a tengu reaver
  4202 | D        | Noticed a brown very ugly thing
  4202 | D        | Killed an ironbound thunderhulk
  4203 | D        | Reached XP level 15. HP: 74/160 MP: 10/32
  4203 | D        | Killed a tengu reaver
  4206 | D        | Killed a tengu reaver
  4213 | D        | Noticed a vault warden
  4218 | D        | Killed a vault warden
  4534 | D        | Noticed Sojobo
  4536 | D        | Paralysed by an air elemental for 1 turns
  4537 | D        | Noticed a tengu reaver
  4537 | D        | Noticed Margery
  4542 | D        | Killed a tengu reaver
  4543 | D        | Killed Margery
  4543 | D        | Killed Sojobo
  4927 | D        | Noticed a nagaraja
  4927 | D        | Noticed a nagaraja
  4928 | D        | Noticed a nagaraja
  4929 | D        | Killed a nagaraja
  4929 | D        | Killed a nagaraja
  4929 | D        | Killed a nagaraja
  4935 | D        | Noticed a nagaraja
  4938 | D        | Noticed a nagaraja
  4948 | D        | Killed a nagaraja
  4948 | D        | Killed a nagaraja
  4960 | D        | Got a serpentine rune of Zot
  5115 | D        | Noticed an emperor scorpion
  5115 | D        | Noticed an emperor scorpion
  5115 | D        | Noticed an emperor scorpion
  5118 | D        | Killed an emperor scorpion
  5118 | D        | Killed an emperor scorpion
  5118 | D        | Killed a ghost moth
  5121 | D        | Killed an emperor scorpion
  5127 | D        | Noticed an emperor scorpion
  5132 | D        | Killed an emperor scorpion
  5136 | D        | Got a gossamer rune of Zot
  5438 | D        | Reached XP level 16. HP: 164/177 MP: 24/33
  5445 | D        | Noticed Ilsuiw
  5448 | D        | Reached skill level 27 in Axes
  5449 | D        | Killed Ilsuiw
  5871 | D        | Got a decaying rune of Zot
  6044 | D        | Noticed Boris
  6059 | D        | Killed Boris
  6285 | D        | Upgraded the game from 0.30-a0-696-g2367cd04db to
                  | 0.30-a0-715-gdb4ae3ece1
  6301 | D        | Noticed Saint Roka
  6309 | D        | Killed Saint Roka
  6312 | D        | Noticed Mara
  6318 | D        | Noticed BigDaddyOpFi's illusion
  6321 | D        | Killed Mara
  6322 | D        | Reached skill level 27 in Fighting
  6392 | D        | Noticed Mennas
  6418 | D        | Killed Mennas
  6951 | D        | Reached skill level 27 in Armour
  6951 | D        | Reached skill level 27 in Shields
  6951 | D        | Reached skill level 1 in Dodging
  6969 | D        | Reached skill level 5 in Dodging
  6969 | D        | Reached XP level 17. HP: 152/191 MP: 34/34
  7715 | D        | Noticed an ancient lich
  7717 | D        | Noticed an ancient lich
  7722 | D        | Killed an ancient lich
  7728 | D        | Killed an ancient lich
  7745 | D        | Identified the +6 whip of the Middle {heavy, +Blink rPois
                  | rC+}
  7749 | D        | Got a silver rune of Zot
  8000 | D        | Noticed Jory
  8007 | D        | Killed Jory
  8146 | D        | Noticed Louise
  8158 | D        | Killed Louise
  8204 | D        | Got the ring "Deiliyq" {Ice Int+3}
  8206 | D        | Got the ring of Elyvilon's Regard {Ice +Blink Int-3 Dex+2}
  8208 | D        | Got the ring of Atheism {rC++ rCorr Int+4 Stlth-}
  8210 | D        | Got the ring "Nuliry" {rPois Will+ rCorr MP+9}
  8212 | D        | Got the ring of Liusm {rElec Str+3 Dex+3 Slay+2}
  8224 | D        | Got the +5 broad axe of Corporal Punishment {flame, rF+
                  | rN+}
  8255 | D        | Got the +0 helmet of the Shining Light {rF- rN+ Str+3
                  | Slay+2}
  8381 | D        | Noticed Frederick
  8391 | D        | Killed Frederick
  8393 | D        | Noticed Aizul
  8406 | D        | Killed Aizul
  8429 | D        | Noticed a juggernaut
  8442 | D        | Killed a juggernaut
  8443 | D        | Noticed a juggernaut
  8457 | D        | Killed a juggernaut
  8458 | D        | Reached XP level 18. HP: 184/200 MP: 27/35
  8593 | D        | Noticed a bone dragon
  8612 | D        | Killed a bone dragon
  9156 | D        | Noticed a quicksilver dragon
  9173 | D        | Killed a quicksilver dragon
  9264 | D        | Noticed an electric golem
  9264 | D        | Noticed a golden dragon
  9265 | D        | Noticed a golden dragon
  9266 | D        | Killed an electric golem
  9272 | D        | Reached skill level 27 in Dodging
  9284 | D        | Killed a golden dragon
  9286 | D        | Killed a golden dragon
  9487 | D        | Noticed a tentacled monstrosity
  9503 | D        | Killed a tentacled monstrosity
  9809 | D        | Noticed an Orb Guardian
  9809 | D        | Noticed an Orb Guardian
  9809 | D        | Noticed an Orb Guardian
  9809 | D        | Noticed an Orb Guardian
  9809 | D        | Noticed an Orb Guardian
  9809 | D        | Noticed an Orb Guardian
  9812 | D        | Noticed an Orb Guardian
  9814 | D        | Killed an Orb Guardian
  9816 | D        | Noticed an Orb Guardian
  9817 | D        | Killed an Orb Guardian
  9818 | D        | Reached skill level 15 in Evocations
  9828 | D        | Killed an Orb Guardian
  9833 | D        | Killed an Orb Guardian
  9836 | D        | Killed an Orb Guardian
  9841 | D        | Killed an Orb Guardian
  9851 | D        | Killed an Orb Guardian
  9856 | D        | Killed an Orb Guardian
  9857 | D        | Noticed an Orb Guardian
  9858 | D        | Noticed an Orb Guardian
  9866 | D        | Killed an Orb Guardian
  9874 | D        | Killed an Orb Guardian
  9907 | D        | Noticed an Orb Guardian
  9907 | D        | Noticed an Orb Guardian
  9907 | D        | Noticed a golden dragon
  9908 | D        | Noticed an Orb Guardian
  9910 | D        | Killed an Orb Guardian
  9910 | D        | Killed an Orb Guardian
  9910 | D        | Noticed an Orb Guardian
  9911 | D        | Reached XP level 19. HP: 207/207 MP: 19/36
  9914 | D        | Killed a golden dragon
 10091 | D        | Noticed an ancient lich
 10102 | D        | Killed an ancient lich
 10236 | D        | Noticed an orb of fire
 10241 | D        | Gained mutation: You are dopey. (Int -2) [an orb of fire]
 10258 | D        | Gained mutation: You sometimes lose your temper in combat.
                  | [an orb of fire]
 10259 | D        | Killed an orb of fire
 10597 | D        | Noticed an electric golem
 10618 | D        | Killed an electric golem
 10742 | D        | Noticed an ancient lich
 10742 | D        | Noticed an orb of fire
 10742 | D        | Noticed an orb of fire
 10744 | D        | Killed an ancient lich
 10747 | D        | Noticed an orb of fire
 10759 | D        | Killed an orb of fire
 10760 | D        | Reached skill level 27 in Evocations
 10760 | D        | Reached skill level 1 in Stealth
 10760 | D        | Noticed a golden dragon
 10770 | D        | Noticed an ancient lich
 10772 | D        | Killed an orb of fire
 10774 | D        | Gained mutation: You expend magic power (3 MP) to
                  | strengthen your wands. [an orb of fire]
 10776 | D        | Noticed an ancient lich
 10777 | D        | Killed a golden dragon
 10777 | D        | Killed an ancient lich
 10788 | D        | Noticed an electric golem
 10800 | D        | Killed an orb of fire
 10805 | D        | Killed an electric golem
 10805 | D        | Killed an ancient lich
 10806 | D        | Reached skill level 15 in Stealth
 11938 | D        | Lost mutation: You sometimes lose your temper in combat.
                  | [potion of mutation]
 11938 | D        | Lost mutation: You are dopey. (Int -2) [potion of mutation]
 11938 | D        | Gained mutation: You possess an exceptional clarity of
                  | mind. [potion of mutation]
 11938 | D        | Gained mutation: You have a pair of small horns on your
                  | head. [potion of mutation]
 11938 | D        | Gained mutation: You have supernaturally acute eyesight.
                  | (SInv) [potion of mutation]
 11939 | D        | Lost mutation: You have a pair of small horns on your head.
                  | [potion of mutation]
 11939 | D        | Lost mutation: You have supernaturally acute eyesight.
                  | (SInv) [potion of mutation]
 11939 | D        | Gained mutation: You occasionally lose the ability to drink
                  | potions when taking damage. [potion of mutation]
 11939 | D        | Gained mutation: You sometimes lose the ability to drink
                  | potions when taking damage. [potion of mutation]
 12312 | D        | Noticed an ancient lich
 12314 | D        | Noticed an ancient lich
 12317 | D        | Reached XP level 20. HP: 191/216 MP: 37/37
 12323 | D        | Noticed an ancient lich
 12331 | D        | Killed an ancient lich
 12337 | D        | Killed an ancient lich
 12344 | D        | Killed an ancient lich
 12783 | D        | Reached skill level 27 in Stealth
 12812 | D        | Reached skill level 5 in Spellcasting
 12817 | D        | Got an elven rune of Zot
 13058 | D        | Reached skill level 10 in Spellcasting
 13058 | D        | Noticed the Royal Jelly
 13062 | D        | Killed the Royal Jelly
 13072 | D        | Paralysed by a floating eye for 2 turns
 13079 | D        | Paralysed by a floating eye for 3 turns
 13083 | D        | Paralysed by a floating eye for 4 turns
 13110 | D        | Reached skill level 15 in Spellcasting
 13112 | D        | Got a slimy rune of Zot
 14158 | D        | Reached XP level 21. HP: 168/224 MP: 34/44
 14327 | D        | Noticed a royal mummy
 14327 | D        | Noticed a royal mummy
 14327 | D        | Noticed a royal mummy
 14329 | D        | Noticed a royal mummy
 14335 | D        | Killed a royal mummy
 14335 | D        | HP: 8/224 [torment (4)]
 15158 | D        | Got a barnacled rune of Zot
 15846 | D        | Bought a potion of curing for 33 gold pieces
 15846 | D        | Bought a potion of heal wounds for 55 gold pieces
 17196 | D        | Killed a royal mummy
 17585 | D        | Killed a royal mummy
 17854 | D        | Noticed a royal mummy
 17862 | D        | Killed a royal mummy
 17870 | D        | Killed a royal mummy
 18317 | D        | Got a golden rune of Zot
 18362 | D        | Got an abyssal rune of Zot
 18730 | D        | Noticed Geryon
 18737 | D        | Killed Geryon
 18740 | D        | Noticed Gloorx Vloq
 18740 | D        | Found the +4 staff of Dispater
 18740 | D        | Noticed Dispater
 18740 | D        | Noticed Ereshkigal
 18744 | D        | Killed Gloorx Vloq
 18813 | D        | Killed Ereshkigal
 18872 | D        | HP: 9/224 [Hell Sentinel/damnation[Dispater] (30)]
 19624 | D        | Killed Dispater
 19904 | D        | Noticed Lom Lobon
 19920 | D        | Noticed Antaeus
 20202 | D        | Got the Orb of Zot
 20805 | D        | Noticed Unebafeg the pandemonium lord
 20818 | D        | Killed Unebafeg the pandemonium lord
 21183 | D        | Reached skill level 27 in Spellcasting
 21183 | D        | Reached skill level 1 in Maces & Flails
 21225 | D        | Reached skill level 5 in Maces & Flails
 21345 | D        | Reached skill level 10 in Maces & Flails
 21383 | D        | Noticed Dueklivor the pandemonium lord
 21393 | D        | HP: 5/224 [Dueklivor the pandemonium lord (30)]
 21395 | D        | Killed Dueklivor the pandemonium lord
 21396 | D        | Reached skill level 15 in Maces & Flails
 21921 | D        | Noticed Ceoharo the pandemonium lord
 21934 | D        | Killed Ceoharo the pandemonium lord
 21940 | D        | HP: 2/224 [Hell Sentinel/damnation (27)]
 21986 | D        | Noticed Wis Reur the pandemonium lord
 22002 | D        | Killed Wis Reur the pandemonium lord
 22125 | D        | Gained mutation: You occasionally shout uncontrollably at
                  | your foes. [a neqoxec]
 22172 | D        | Noticed Ilopiyfio the pandemonium lord
 22176 | D        | Killed Ilopiyfio the pandemonium lord
 22177 | D        | Reached XP level 22. HP: 78/233 MP: 36/53
 22229 | D        | Noticed Ympen the pandemonium lord
 22244 | D        | Killed Ympen the pandemonium lord
 22559 | D        | Noticed Zunubus the pandemonium lord
 22569 | D        | Killed Zunubus the pandemonium lord
 22570 | D        | Reached skill level 27 in Maces & Flails
 22571 | D        | Reached skill level 5 in Polearms
 22674 | D        | Reached skill level 10 in Polearms
 22715 | D        | Noticed a seraph
 22723 | D        | Killed a seraph
 22724 | D        | Reached skill level 15 in Polearms
 22958 | D        | Noticed a seraph
 22964 | D        | Noticed Bonad the pandemonium lord
 22968 | D        | Killed a seraph
 22972 | D        | Killed Bonad the pandemonium lord
 23249 | D        | Noticed Zicwared the pandemonium lord
 23258 | D        | Killed Zicwared the pandemonium lord
 23295 | D        | Noticed a profane servitor
 23303 | D        | Killed a profane servitor
 23331 | D        | Bought a potion of ambrosia for 88 gold pieces
 23331 | D        | Bought a potion of lignification for 33 gold pieces
 23868 | D        | Gained mutation: You are clumsy. (Dex -2) [a neqoxec]
 23986 | D        | Reached skill level 27 in Polearms
 24091 | D        | Reached skill level 10 in Staves
 24119 | D        | Noticed Teiwn the pandemonium lord
 24147 | D        | Killed Teiwn the pandemonium lord
 24308 | D        | Noticed Jyicwod the pandemonium lord
 24312 | D        | Reached skill level 15 in Staves
 24314 | D        | Killed Jyicwod the pandemonium lord
 24824 | D        | Reached XP level 23. HP: 238/240 MP: 54/54
 27959 | D        | Noticed Arphat the pandemonium lord
 27972 | D        | Killed Arphat the pandemonium lord
 28647 | D        | Noticed a seraph
 28663 | D        | Killed a seraph
 30892 | D        | Noticed Wapi the pandemonium lord
 30895 | D        | Killed Wapi the pandemonium lord
 32567 | D        | Noticed Latsu the pandemonium lord
 32585 | D        | Escaped with the Orb!

Illustrated notes

Levels and vault maps discovered:
D:        linesprint [early_d, line_temple, items_1, d_10, items_2, lair_1,
          lair_end, items_3, orc_1, orc_end, items_4, d_15, swamp_1, shoals_1,
          snake_1, spider_1, d_20, vaults_1, items_5, swamp_end, shoals_end,
          snake_end, spider_end, vaults_end, d_27, items_6, zot_1, zot_end,
          crypt_end, forest_end, elf_end, slime_end, tomb_end, abyss_end,
          pan_hell_end]

Skill      XL: |  1  2  3  4  5  6  7  8  9 10 11 12 13 14 15 16 17 18 19 20 21 22 23 |
---------------+----------------------------------------------------------------------+-----
Axes           | 4 5 8 11 12 14 15 17 19 20 23 26 27 | 27.0
Fighting       | 4 5 8 10 12 13 14 16 17 19 21 24 27 | 27.0
Armour         | 4 5 7 9 10 11 12 13 14 16 18 20 23 27 | 27.0
Shields        | 4 5 7 9 10 11 12 13 14 16 18 20 23 27 | 27.0
Invocations    | 6 11 14 18 21 24 27 | 27.0
Dodging        | 5 22 27 | 27.0
Evocations     | 20 27 | 27.0
Stealth        | 21 27 | 27.0
Spellcasting   | 19 27 | 27.0
Maces & Flails | 23 27 | 27.0
Polearms       | 27 | 27.0
Staves         | 17 26 | 26.7

Action                     |  1- 3 |  4- 6 |  7- 9 | 10-12 | 13-15 | 16-18 | 19-21 | 22-24 || total
---------------------------+-------+-------+-------+-------+-------+-------+-------+-------++-------
  Melee: War axe           |    29 |     2 |    23 |   124 |    76 |   261 |   450 |   428 ||  1393
         Broad axe         |       |       |       |       |       |   235 |   141 |       ||   376
 Invoke: Upheaval          |       |       |     1 |     1 |     5 |     2 |     8 |       ||    17
         Disaster Area     |       |       |       |    13 |    24 |    15 |    26 |     8 ||    86
  Evoke: Wand              |     3 |       |     6 |       |       |       |       |       ||     9
    Use: Potion            |       |     2 |     2 |     3 |     7 |       |    16 |     4 ||    34
         Scroll            |       |       |     6 |     2 |       |       |    14 |       ||    22
   Stab: Confused          |       |       |       |       |       |     1 |       |       ||     1
 Armour: Scale mail        |    12 |       |       |       |       |       |       |       ||    12
         Chain mail        |       |     1 |    10 |    28 |       |       |       |       ||    39
         Plate armour      |       |       |       |    13 |    44 |    85 |       |       ||   142
         Gold dragon scale |       |       |       |       |       |    44 |   122 |    87 ||   253
  Dodge: Dodged            |    18 |       |     9 |    24 |    21 |    99 |   133 |    91 ||   395
         Repelled          |       |       |       |     1 |     1 |     8 |    11 |       ||    21
  Block: Buckler           |     8 |     1 |     6 |    64 |     3 |       |       |       ||    82
         Kite shield       |       |       |       |       |    88 |   199 |       |       ||   287
         Reflection        |       |       |       |       |    12 |     5 |    17 |     7 ||    41
         Tower shield      |       |       |       |       |       |   230 |   544 |   470 ||  1244

Table legend: (Time is in decaauts) A = Elapsed time spent in this place. B = Non-inter-level travel time spent in this place. C = Inter-level travel time spent in this place. D = Time resting spent in this place. E = Time spent auto-exploring this place. F = Levels seen in this place. G = Mean time per level. A B C D E F G +--------+--------+--------+--------+--------+-----+--------+ Total | 32547 | 30824 | 1723 | 21747 | 0 | 1 | 32547.0 | Dungeon | 32547 | 30824 | 1723 | 21747 | 0 | 1 | 32547.0 | +--------+--------+--------+--------+--------+-----+--------+

Top non-repeatable levels by time:
       D: 32547 daAuts
